 Dungeon Crawl Stone Soup version 0.28-a0-909-g796cbd3a86 (webtiles) character file.

Game seed: 6459152620441541773

193 Oshino the Skirmisher (level 5, -1/50 HPs)
             Began as a Hill Orc Fighter on Nov 24, 2021.
             Killed by divine providence
             ... invoked by an orc priest
              (13 damage)
             ... on level 3 of the Dungeon.
             The game lasted 00:12:54 (3152 turns).

Oshino the Skirmisher (Hill Orc Fighter)            Turns: 3152, Time: 00:12:55

Health: -1/50      AC:  6    Str: 20    XL:     5   Next: 72%
Magic:  5/5        EV:  9    Int:  8    God:
Gold:   73         SH:  4    Dex: 10    Spells: 4/4 levels left

rFire   + . .      SeeInvis .   a - +0 war axe
rCold   . . .      Faith    .   c - +0 buckler
rNeg    . . .      Spirit   .   b - +0 scale mail
rPois   .          Reflect  .   (no helmet)
rElec   .          Harm     .   (no cloak)
rCorr   .          Rampage  .   (no gloves)
Will    .....                   (no boots)
Stlth   ..........              i - amulet of regeneration
HPRegen 1.16/turn               f - ring of protection from fire
MPRegen 0.09/turn               (no ring)

@: no status effects
A: no striking features
a: Convert to Beogh


You were on level 3 of the Dungeon.
You visited 1 branch of the dungeon, and saw 3 of its levels.

You collected 73 gold pieces.

Inventory:

Hand Weapons
 a - a +0 war axe (weapon)
Missiles
 e - 6 javelins (quivered)
 h - 3 curare-tipped darts
Armour
 b - a +0 scale mail (worn)
 c - a +0 buckler (worn)
Jewellery
 f - a ring of protection from fire (left hand)
 i - an amulet of regeneration (around neck)
Scrolls
 d - a scroll of identify
 g - a scroll of blinking {unknown}
 j - a scroll of acquirement {unknown}
Potions
 k - 2 potions of heal wounds
 l - a potion of flight {unknown}


   Skills:
 + Level 5.9 Fighting
 + Level 5.6 Axes
 - Level 3.2 Armour
 - Level 3.2 Shields


You had 4 spell levels left.
You didn't know any spells.
Your spell library was empty.

Dungeon Overview and Level Annotations

Branches:
Dungeon (3/15)

Altars:


Message History

Beogh smites you!
You hit the orc priest.
The orc priest is heavily wounded.
The orc priest closely misses you.
You hit the orc priest but do no damage.
The orc priest is heavily wounded.
The orc priest hits you with a +2 short sword of flaming.
You barely miss the orc priest.
The orc priest is heavily wounded.
The orc priest invokes the aid of Beogh against you.
Beogh smites you! The orc priest barely misses you.
You closely miss the orc priest.
The orc priest is heavily wounded.
The orc priest closely misses you.
The orc priest shouts, "Join the one true god or die!"
You hit the orc priest.
The orc priest is almost dead.
The orc priest shouts, "Surrender to Beogh and we'll let you live!"
The orc priest barely misses you.
You closely miss the orc priest.
The orc priest is almost dead.
The orc priest hits you with a +2 short sword of flaming.
You closely miss the orc priest.
The orc priest is almost dead.
The orc priest mumbles some strange prayers to Beogh against you.
Beogh smites you!
The orc priest hits you with a +2 short sword of flaming!
* * * LOW HITPOINT WARNING * * *
The orc priest burns you.
* * * LOW HITPOINT WARNING * * *
You barely miss the orc priest.
The orc priest is severely wounded.
The orc priest hits you with a +2 short sword of flaming.
* * * LOW HITPOINT WARNING * * *
You hit the orc priest but do no damage.
The orc priest shouts, "Surrender to Beogh and we'll let you live!"
The orc priest is severely wounded.
The orc priest calls down the wrath of Beogh upon you.
Beogh smites you!
You die...

#÷.....#.#........'.###.# #.# #.
#....÷.#.#........'..##)# #.# #.
#PP÷...#.#'#......'..##)###.####.
#......#.#.#.....##).##.#...)....
#.P....#)#.#....###.......#......
#[....÷##.####### #####...#######
########### #########...#####
#.)o............##
#.@##...#........#
#..#...........##..
....##..o##.....#...
##...#.#.#.#......###
#.....###.o........# #.###.
#.##.###.#.# .. ## ..####o##.#..
.## #..# ##.#.#.# #.. #....#


You could see an orc priest.

Vanquished Creatures
  A jelly (D:3)
  Ijyb (D:3)
  An orc wizard (D:3)
  3 adders (D:2)
  A worm (D:2)
  A dart slug (D:2)
  An orc (D:3)
  15 endoplasms
  5 goblins
  9 hobgoblins
  6 jackals (D:1)
  12 kobolds
  A quokka (D:1)
  6 ball pythons
  5 bats
  4 frilled lizards
  3 rats
75 creatures vanquished.

Vanquished Creatures (others)
  2 fungi (D:3)
  9 toadstools (D:3)
11 creatures vanquished.

Grand Total: 86 creatures vanquished

Notes
Turn   | Place    | Note
-------+----------+-------------------------------------------
     0 | D:1      | Oshino the Hill Orc Fighter began the quest for the Orb.
     0 | D:1      | Reached XP level 1. HP: 19/19 MP: 1/1
    59 | D:1      | Reached XP level 2. HP: 22/27 MP: 2/2
   262 | D:1      | Reached XP level 3. HP: 21/34 MP: 3/3
   673 | D:1      | Found a faded altar of an unknown god.
  1518 | D:2      | Reached XP level 4. HP: 38/41 MP: 4/4
  1902 | D:2      | Reached skill level 5 in Fighting
  2930 | D:3      | Reached skill level 5 in Axes
  2936 | D:3      | Reached XP level 5. HP: 48/48 MP: 5/5
  2971 | D:3      | Noticed Ijyb
  2983 | D:3      | Paralysed by Ijyb for 6 turns
  2991 | D:3      | Paralysed by Ijyb for 6 turns
  3012 | D:3      | Killed Ijyb
  3152 | D:3      | Killed from afar by an orc priest

Illustrated notes

Levels and vault maps discovered:
D:1:      dpeg_arrival_water_temple_mockup, layout_rooms,
          hellmonk_ecumenical_altar_dog_temple, minmay_tetromino_o4
D:2:      layout_basic
D:3:      cheibrodos_fertilizer, layout_loops_ring, uniq_ijyb

Skill      XL: |  1  2  3  4 |
---------------+-------------+-----
Axes           | 3 4 5 |  5.6
Fighting       | 4 5 |  5.9
Armour         | |  3.2
Shields        | |  3.2

Action                   |  1- 3 |  4- 6 || total
-------------------------+-------+-------++-------
Melee: War axe           |   116 |   111 ||   227
  Use: Potion            |     1 |       ||     1
       Scroll            |       |     1 ||     1
Armor: Scale mail        |    52 |    40 ||    92
Dodge: Dodged            |    46 |    40 ||    86
Block: Buckler           |    27 |    12 ||    39

Table legend: (Time is in decaauts)
 A = Elapsed time spent in this place.
 B = Non-inter-level travel time spent in this place.
 C = Inter-level travel time spent in this place.
 D = Time resting spent in this place.
 E = Time spent auto-exploring this place.
 F = Levels seen in this place.
 G = Mean time per level.
                   A        B        C        D        E       F      G
               +--------+--------+--------+--------+--------+-----+--------+
         Total |   3227 |   2980 |    247 |    732 |   1490 |   3 | 1075.7 |
       Dungeon |   3227 |   2980 |    247 |    732 |   1490 |   3 | 1075.7 |
               +--------+--------+--------+--------+--------+-----+--------+

Top non-repeatable levels by time:
     D:2: 1440 daAuts
     D:1: 1299 daAuts
     D:3: 486 daAuts
